 Dungeon Crawl Stone Soup version 0.27-a0-1572-gacd6f1ce93 (webtiles) character file.

Game seed: 3459898162971247432

5681 MirrMurr the Spear-Bearer (level 10, -3/77 HPs)
             Began as a Demonspawn Gladiator on July 17, 2021.
             Was a Believer of Trog.
             Slain by a wight (6 damage)
             ... on level 7 of the Dungeon.
             The game lasted 00:18:48 (11003 turns).

MirrMurr the Spear-Bearer (Demonspawn Gladiator)   Turns: 11003, Time: 00:18:48

Health: -3/77      AC: 17    Str: 18    XL:     10   Next: 47%
Magic:  10/10      EV: 14    Int: 10    God:    Trog [**....]
Gold:   339        SH:  0    Dex: 14    Spells: 9/9 levels left

rFire    . . .     SeeInvis .   a - +0 trident (vamp)
rCold    . . .     Faith    .   (no shield)
rNeg     . . .     Spirit   .   D - +0 chain mail
rPois    .         Reflect  .   c - +1 helmet
rElec    .         Harm     .   A - +2 cloak
rCorr    .         Rampage  .   (no gloves)
Will     .....                  (boots unavailable)
Stlth    ..........             (no amulet)
HPRegen  0.22/turn              (no ring)
MPRegen  0.12/turn              (no ring)

@: agile, on berserk cooldown
A: hooves 3, thin metallic scales 1, demonic guardian 2, powered by pain 1,
augmentation 1
a: Renounce Religion, Berserk, Trog's Hand


You were on level 7 of the Dungeon.
You worshipped Trog.
Trog was pleased with you.
You visited 2 branches of the dungeon, and saw 9 of its levels.

You collected 339 gold pieces.

Inventory:

Hand Weapons
 a - a +0 vampiric trident (weapon)
 b - a +0 hunting sling
Missiles
 d - 4 throwing nets
 k - 22 poisoned darts
 l - 215 stones (quivered)
 o - 59 sling bullets
 t - 13 atropa-tipped darts
 B - 2 curare-tipped darts
Armour
 c - a +1 helmet (worn)
 A - a +2 cloak (worn)
 D - a +0 chain mail (worn)
Jewellery
 i - a ring of see invisible
 j - a ring of fire
 r - a +6 ring of intelligence
 y - a ring of positive energy
Wands
 e - a wand of polymorph (4)
 f - a wand of acid (4)
 v - a wand of iceblast (7)
 x - a wand of flame (35)
Scrolls
 g - 2 scrolls of fear
 p - 2 scrolls of teleportation
 C - a scroll of identify
Potions
 h - a potion of attraction {unknown}
 m - 3 potions of mutation
 n - a potion of cancellation {unknown}
 q - a potion of curing
 s - a potion of ambrosia
 w - a potion of flight
 z - a potion of magic {unknown}


   Skills:
 + Level 6.7 Fighting
 * Level 8.9 Polearms
 + Level 6.1 Throwing
 + Level 5.6 Armour
 + Level 6.5 Dodging


You had 9 spell levels left.
You didn't know any spells.
Your spell library contained the following spells:

 Spells                   Type           Power      Damage    Failure   Level
 Summon Small Mammal      Summ           0%         N/A       99%         1
 Call Canine Familiar     Summ           0%         N/A       100%        3
 Summon Guardian Golem    Hex/Summ       0%         N/A       100%        3


Dungeon Overview and Level Annotations

Branches:
Dungeon (8/15)             Temple (1/1) D:6
   Lair: D:8-11

Altars:
Ashenzari
Cheibriados
Dithmenos
Fedhas
Gozag
Hepliaklqana
Kikubaaqudgha
Makhleb
Nemelex Xobeh
Okawaru
Qazlal
Ru
Sif Muna
Trog
Uskayaw
Vehumet
Wu Jian
Xom
Yredelemnul
Zin
The Shining One

Shops:
D:6 [   D:7 (

Annotations:
D:6 2 transporters, Tutankhamun's ghost, novice GnSu
D:7 3 runed translucent doors, anet's ghost, novice GnEn
D:8 3 runed translucent doors, Kinoniko's ghost, novice FoFi


Innate Abilities, Weirdness & Mutations

You have hooves in place of feet.
You are partially covered in thin metallic scales. (AC +2)
A demonic guardian rushes to your aid.
You sometimes gain a little power by taking damage.
Your magical and physical power is slightly enhanced at high health.


Message History

The wight hits you with a +2 flail.
* * * LOW HITPOINT WARNING * * *
The orc hits you but does no damage.
Unknown command.
You hit the two-headed ogre but do no damage.
You kick the two-headed ogre!
The two-headed ogre is severely wounded.
The two-headed ogre closely misses you.
The two-headed ogre hits you with a +0 giant club.
* * * LOW HITPOINT WARNING * * *
The wight barely misses you. The orc barely misses you.
You hit the two-headed ogre.
You feel better.
You kick the two-headed ogre, but do no damage.
The two-headed ogre is severely wounded.
The wight hits you but does no damage. The orc hits you with a +0 dagger.
* * * LOW HITPOINT WARNING * * *
The two-headed ogre hits you with a +0 giant club.
* * * LOW HITPOINT WARNING * * *
The two-headed ogre misses you.
You feel better. The wight completely misses you.
The orc hits you but does no damage. The two-headed ogre barely misses you.
The two-headed ogre hits you with a +0 giant club!
* * * LOW HITPOINT WARNING * * *
You focus on the pain.
You feel agile all of a sudden.
Unknown command.
You puncture the two-headed ogre!
The two-headed ogre is almost dead.
The wight hits you but does no damage. The orc closely misses you.
Unknown command.
You hit the two-headed ogre.
You feel better.
You kick the two-headed ogre.
You kill the two-headed ogre!
Trog accepts your kill. The wight barely misses you.
The orc closely misses you.
Your life force feels restored.
Your Throwing skill increases to level 6!
Unknown command.
You barely miss the orc. The orc closely misses you.
The wight hits you with a +2 flail.
You die...

#.#.# ### #.#.# ..#
#.#.### ..# #.#...#
..###.###.# ........#.#
.####.#.#.#
.##<#.#.#.##############
...............o@zz....#
..#.#.#.#.####.#o#####.#
....#.#.#.# #.#.# #.#
..###.#.#.# #.#.# #.#
#.# #.#.#.####.#.# #.#
#.###'#......#.#.# #.#
...#.........#.#[# #.#
...#.........#.#.# #.#
...#.........#...# #.#


You could see 2 wights and 2 orcs.

Vanquished Creatures
  Harold (D:8)
  A two-headed ogre (D:7)
  Pikel (D:4)
  Sigmund (D:2)
  A wyvern (D:7)
  2 steam dragons
  Menkaure (D:7)
  2 water moccasins (D:7)
  2 ice beasts
  An orc warrior (D:8)
  A black bear (D:3)
  A sky beast (D:7)
  An ogre (D:5)
  3 necrophages
  3 wolves (D:7)
  2 centaurs
  A phantom (D:6)
  3 bullfrogs
  A scorpion (D:5)
  2 water moccasin skeletons
  10 killer bees
  A wight (D:7)
  2 howler monkeys (D:7)
  An electric eel (D:7)
  A bullfrog zombie (D:6)
  Crazy Yiuf (D:4)
  A jelly (D:6)
  2 orc priests (D:5)
  A centaur skeleton (D:4)
  2 hounds
  Ijyb (D:4)
  6 iguanas
  3 orc wizards
  5 adders
  6 gnolls
  A shadow imp (D:6)
  2 white imps
  3 adder skeletons
  3 worms
  2 dart slugs (D:2)
  38 orcs
  5 ball pythons
  An endoplasm (D:1)
  2 giant cockroaches
  8 goblins
  4 hobgoblins
  7 jackals
  2 quokkas
  2 bats
  2 frilled lizards
  5 kobolds
  7 rats
168 creatures vanquished.

Vanquished Creatures (collateral kills)
  A gnoll sergeant (D:5)
1 creature vanquished.

Vanquished Creatures (others)
  5 dream sheep (D:7)
  6 fungi (D:8)
  14 plants (D:8)
25 creatures vanquished.

Grand Total: 194 creatures vanquished

Notes
Turn   | Place    | Note
-------+----------+-------------------------------------------
     0 | D:1      | MirrMurr the Demonspawn Gladiator began the quest for the
                  | Orb.
     0 | D:1      | Reached XP level 1. HP: 16/16 MP: 1/1
   360 | D:1      | Gained mutation: You have large cloven feet. [demonic
                  | ancestry]
   360 | D:1      | Reached XP level 2. HP: 22/22 MP: 2/2
   511 | D:1      | Reached skill level 3 in Polearms
  1128 | D:1      | Found a faded altar of an unknown god.
  1128 | D:1      | Noticed an Executioner
  1358 | D:2      | Gained mutation: You have hoof-like feet. [demonic
                  | ancestry]
  1358 | D:2      | Reached XP level 3. HP: 18/28 MP: 3/3
  1482 | D:2      | Noticed Sigmund
  1876 | D:3      | Reached skill level 1 in Armour
  2033 | D:3      | Gained mutation: You have hooves in place of feet. [demonic
                  | ancestry]
  2033 | D:3      | Reached XP level 4. HP: 32/34 MP: 4/4
  2105 | D:3      | Noticed a black bear
  2116 | D:3      | Killed a black bear
  2117 | D:3      | Gained mutation: You are partially covered in thin metallic
                  | scales. (AC +2) [demonic ancestry]
  2117 | D:3      | Reached XP level 5. HP: 11/39 MP: 5/5
  2481 | D:3      | Found a sparkling altar of Nemelex Xobeh.
  2650 | D:3      | Reached skill level 4 in Polearms
  2727 | D:3      | Found a bloodstained altar of Trog.
  2843 | D:3      | Became a worshipper of Trog the Wrathful
  2902 | D:4      | Noticed a lemure
  2902 | D:4      | Noticed Pikel
  2907 | D:4      | Noticed a lemure
  2909 | D:4      | Noticed a lemure
  2911 | D:4      | Noticed a lemure
  2928 | D:4      | HP: 1/40 [Pikel (2)]
  2935 | D:4      | Killed Pikel
  2936 | D:4      | Reached skill level 5 in Polearms
  2936 | D:4      | Reached XP level 6. HP: 3/48 MP: 6/6
  2936 | D:4      | Gained mutation: You sometimes gain a little power by
                  | taking damage. [demonic ancestry]
  2936 | D:4      | Reached XP level 7. HP: 3/53 MP: 7/7
  3440 | D:4      | Found a shadowy altar of Dithmenos.
  3584 | D:4      | Noticed Ijyb
  3597 | D:4      | Killed Ijyb
  3719 | D:4      | Found a runed translucent door.
  3720 | D:4      | Noticed Crazy Yiuf
  4153 | D:4      | Killed Crazy Yiuf
  4368 | D:5      | Entered Level 5 of the Dungeon
  4827 | D:5      | Reached * piety under Trog
  4841 | D:5      | Gained mutation: A weak demonic guardian rushes to your
                  | aid. [demonic ancestry]
  4841 | D:5      | Reached XP level 8. HP: 49/60 MP: 8/8
  5252 | D:5      | Reached skill level 6 in Polearms
  5680 | D:5      | Found a stormy altar of Qazlal.
  5687 | D:5      | Noticed an air elemental
  6771 | D:6      | Noticed a hornet
  6790 | D:6      | Found a transporter.
  6796 | D:6      | Found a transporter.
  6798 | D:6      | Noticed Tutankhamun's ghost (novice GnSu)
  6856 | D:6      | Found a staircase to the Ecumenical Temple.
  6873 | Temple   | Entered the Ecumenical Temple
  7166 | D:6      | Found Usoax's Armour Boutique.
  7195 | D:6      | Reached skill level 5 in Dodging
  7287 | D:6      | Reached skill level 5 in Fighting
  7702 | D:6      | Found an iron altar of Okawaru.
  7761 | D:6      | Gained mutation: A demonic guardian rushes to your aid.
                  | [demonic ancestry]
  7761 | D:6      | Reached XP level 9. HP: 57/68 MP: 9/9
  8234 | D:6      | Identified the +6 rapier of Gisosum {freeze, Fly rF- Str+4
                  | Int+3}
  8318 | D:2      | Killed Sigmund
  8319 | D:2      | Reached skill level 7 in Polearms
  8764 | D:7      | Found a runed translucent gate.
  8764 | D:7      | Found a runed translucent gate.
  8764 | D:7      | Found a runed translucent gate.
  8865 | D:7      | Noticed anet's ghost (novice GnEn)
  8956 | D:7      | Reached skill level 5 in Throwing
  9106 | D:7      | Found Housenipn's Weapon Boutique.
  9396 | D:7      | Found a shimmering altar of Xom.
  9484 | D:7      | Noticed Menkaure
  9488 | D:7      | Killed Menkaure
  9833 | D:8      | Noticed Kinoniko's ghost (novice FoFi)
  9833 | D:8      | Noticed Harold
  9833 | D:8      | Found a runed translucent gate.
  9833 | D:8      | Found a runed translucent gate.
  9833 | D:8      | Found a runed translucent gate.
  9841 | D:8      | Killed Harold
  9842 | D:8      | Reached skill level 8 in Polearms
  9842 | D:8      | Reached skill level 5 in Armour
  9992 | D:7      | Reached ** piety under Trog
  9993 | D:7      | Gained mutation: Your magical and physical power is
                  | slightly enhanced at high health. [demonic ancestry]
  9993 | D:7      | Reached XP level 10. HP: 61/74 MP: 10/10
 10956 | D:8      | Noticed a two-headed ogre
 10998 | D:7      | HP: 3/74 [two-headed ogre (4)]
 11000 | D:7      | HP: 1/74 [two-headed ogre (9)]
 11002 | D:7      | Killed a two-headed ogre
 11003 | D:7      | Slain by a wight

Illustrated notes

Levels and vault maps discovered:
D:1:      nicolae_arrival_washed_ashore, layout_loops_corners,
          dreamdust_ecumenical_altar_sealed_demon
D:2:      layout_rooms, st_stairs_14, uniq_sigmund
D:3:      layout_loops_ring, lemuel_coloured_pillars_altar,
          mainiacjoe_overflow_six_doors_small, grunt_decor_fettered
D:4:      layout_basic, mainiacjoe_overflow_surrounded_room, grunt_ministairs_4,
          lemuel_another_geyser, uniq_crazy_yiuf_cottage, uniq_pikel, uniq_ijyb
D:5:      layout_basic, nicolae_qazlal_style_of_elements, serial_corexii_hall,
          corexii_hall_statues_s, chequers_hall_statues_wall_a,
          corexii_hall_statues_u, corexii_hall_statues_x,
          roderic_serpentine_path
D:6:      layout_rooms, mainiacjoe_overflow_alcove_2, zin_statuary,
          temple_fountains, gammafunk_ghost_hive, nicolae_inconvenience_store,
          chequers_serial_rivers_large_a
D:7:      layout_basic, kb_xom_exploding_sheep, ebering_ghost_rock_garden,
          nicolae_wooded_promenade, uniq_menkaure
D:8:      layout_cave_pools, minmay_lair_entry_grove, ebering_ghost_rock_garden,
          special_room [special_room_orc], uniq_harold
Temple:   eino_temple_water

Skill      XL: |  1  2  3  4  5  6  7  8  9 10 |
---------------+-------------------------------+-----
Polearms       | 3 5 6 8 |  8.9
Throwing       | 2 3 4 5 6 |  6.1
Dodging        | 3 4 5 6 |  6.5
Armour         | 1 2 3 4 5 |  5.6
Fighting       | 3 4 5 6 |  6.7

Action                   |  1- 3 |  4- 6 |  7- 9 | 10-12 || total
-------------------------+-------+-------+-------+-------++-------
Melee: Trident           |   111 |    72 |   369 |    99 ||   651
       Kick              |    25 |    13 |   100 |    27 ||   165
 Fire: Hunting sling     |       |     1 |    38 |       ||    39
Throw: Stone             |       |     2 |       |       ||     2
       Dart              |       |     1 |       |       ||     1
Invok: Berserk           |       |       |     5 |     5 ||    10
  Use: Scroll            |       |     5 |     9 |       ||    14
       Potion            |       |     2 |     4 |     1 ||     7
 Stab: Sleeping          |     3 |       |       |       ||     3
Armor: Leather armour    |    13 |       |       |       ||    13
       Ring mail         |     6 |    16 |       |       ||    22
       Scale mail        |       |     9 |   130 |    44 ||   183
       Chain mail        |       |       |       |    45 ||    45
Dodge: Dodged            |    34 |    41 |   185 |   131 ||   391

Table legend: (Time is in decaauts)
 A = Elapsed time spent in this place.
 B = Non-inter-level travel time spent in this place.
 C = Inter-level travel time spent in this place.
 D = Time resting spent in this place.
 E = Time spent auto-exploring this place.
 F = Levels seen in this place.
 G = Mean time per level.
                   A        B        C        D        E       F      G
               +--------+--------+--------+--------+--------+-----+--------+
         Total |  11120 |  10184 |    936 |   1215 |   7574 |   9 | 1235.6 |
       Dungeon |  10888 |   9971 |    917 |   1215 |   7362 |   8 | 1361.0 |
        Temple |    231 |    212 |     19 |      0 |    212 |   1 |  231.0 |
               +--------+--------+--------+--------+--------+-----+--------+

Top non-repeatable levels by time:
     D:5: 2257 daAuts
     D:7: 2209 daAuts
     D:3: 1562 daAuts
     D:6: 1507 daAuts
     D:1: 1399 daAuts
     D:4: 1233 daAuts
     D:2: 543 daAuts
  Temple: 231 daAuts
     D:8: 176 daAuts
